 Dungeon Crawl Stone Soup version 0.22-a0-412-g2b68d14 (webtiles) character file.

119 Borgoz the Skirmisher (level 5, -2/33 HPs)
             Began as a Gargoyle Abyssal Knight on May 12, 2018.
             Was a Follower of Lugonu.
             Slain by an orc
             ... wielding a +0 trident
              (3 damage)
             ... on level 2 of the Dungeon.
             The game lasted 00:02:48 (1631 turns).

Borgoz the Skirmisher (Gargoyle Abyssal Knight)     Turns: 1631, Time: 00:02:49

Health: -2/33      AC:  7    Str: 16    XL:     5   Next: 3%
Magic:  5/7        EV: 11    Int: 12    God:    Lugonu [*.....]
Gold:   99         SH:  0    Dex: 10    Spells: 4/4 levels left

rFire    . . .     SeeInvis .   a - +1 hand axe
rCold    . . .     Gourm    .   (no shield)
rNeg     + . .     Faith    .   b - +0 leather armour
rPois    ∞         Spirit   .   (no helmet)
rElec    +         Reflect  .   (no cloak)
rCorr    .         Harm     .   (no gloves)
MR       .....                  (no boots)
Stlth    +.........             (no amulet)
HPRegen  0.11/turn              (no ring)
MPRegen  0.10/turn              (no ring)

@: no status effects
A: negative energy resistance 1, electricity resistance, unbreathing,
petrification resistance, rot immunity, AC +4
a: Depart the Abyss, Renounce Religion


You were on level 2 of the Dungeon.
You worshipped Lugonu.
Lugonu was aware of your devotion.
You were hungry.

You visited 1 branch of the dungeon, and saw 2 of its levels.
You visited the Abyss 1 time.

You collected 99 gold pieces.

Inventory:

Hand Weapons
 a - a +1 hand axe (weapon)
Armour
 b - a +0 leather armour (worn)
Scrolls
 g - a scroll of identify {unknown}
 i - a scroll of blinking {unknown}
Potions
 d - 2 potions of might {unknown}
 e - a potion of mutation {unknown}
 h - a potion of curing {unknown}
Comestibles
 c - 4 rations
 f - 4 chunks of flesh


   Skills:
 + Level 3.8 Fighting
 * Level 3.0 Axes
 + Level 3.0 Armour
 + Level 1.5 Dodging
 + Level 2.7 Invocations


You had 4 spell levels left.
You didn't know any spells.
Your spell library was empty.

Dungeon Overview and Level Annotations

Branches:
Dungeon (2/15)

Altars:
Yredelemnul


Innate Abilities, Weirdness & Mutations

You are resistant to torment.
Your stone body is resilient. (AC +4)
You are immune to poison.
You resist negative energy. (rN+)
You are resistant to electric shocks. (rElec)
You can survive without breathing.
You are immune to petrification.
You are immune to rotting.


Message History

The orc wizard points at you and mumbles some strange words.
The puff of flame misses you. The orc hits you but does no damage.
You hit the orc wizard.
You kill the orc wizard!
Lugonu accepts your kill.
Your Axes skill increases to level 3!
Your Armour skill increases to level 3!
You have reached level 5!
The orc hits you from afar with a trident.
* * * LOW HITPOINT WARNING * * *
Items here: )) [ † a dagger; a robe; a falchion; an orc corpse You barely miss the orc.
The orc misses you.
You closely miss the orc. The orc hits you with a trident.
* * * LOW HITPOINT WARNING * * *
You completely miss the orc. The orc closely misses you.
You completely miss the orc. The orc misses you. The orc closely misses you.
You hit the orc.
The orc is heavily wounded.
The orc hits you with a trident.
You die...

### #.##############
#...........†..#
#.############.#
#.........# #.#
##############.# #.#
......o@.......# #.#
.########.....#####.#
#.....#...#.####
#.....#.........
#.....#.........
#.....#.........
#.....#...#.####
#.....#.........
#######.........


You could see an orc.

Vanquished Creatures
  An orc wizard (D:2)
  4 adders (D:2)
  An ooze (D:1)
  2 dart slugs (D:1)
  A leopard gecko (D:2)
  An orc (D:2)
  A giant cockroach (D:1)
  6 goblins
  5 hobgoblins
  4 jackals (D:1)
  5 kobolds
  4 bats
  2 frilled lizards
  5 rats
42 creatures vanquished.

Notes
Turn   | Place    | Note
-------+----------+-------------------------------------------
     0 | Abyss:1  | Borgoz the Gargoyle Abyssal Knight began the quest for the Orb.
     0 | Abyss:1  | Reached XP level 1. HP: 14/14 MP: 2/2
    32 | Abyss:1  | Found a corrupted altar of Lugonu.
   148 | Abyss:1  | Noticed a small abomination
   353 | Abyss:1  | Noticed an eidolon
   355 | D:1      | Escaped the Abyss
   419 | D:1      | Reached skill level 1 in Dodging
   419 | D:1      | Reached XP level 2. HP: 17/19 MP: 3/3
   568 | D:1      | Reached * piety under Lugonu
   711 | D:1      | Reached XP level 3. HP: 21/23 MP: 4/4
  1389 | D:2      | Found a basalt altar of Yredelemnul.
  1406 | D:2      | Reached XP level 4. HP: 29/29 MP: 5/5
  1625 | D:2      | Reached XP level 5. HP: 5/33 MP: 5/7
  1628 | D:2      | HP: 1/33 [orc/trident (3)]
  1631 | D:2      | Slain by an orc

Vault maps used:
D:1:      minmay_arrival_checkered_box
D:2:      cheibrodos_greedy_goblins, yredelemnul_altar_generic

Skill      XL: |  1  2  3  4 |
---------------+-------------+-----
Axes           | 2 3 |  3.0
Dodging        | 1 |  1.5
Armour         | 3 |  3.0
Fighting       | |  3.8
Invocations    | |  2.7

Action                   |  1- 3 |  4- 6 || total
-------------------------+-------+-------++-------
Melee: Hand axe          |    87 |    72 ||   159
Invok: Depart the Abyss  |     1 |       ||     1
  Eat: Chunk             |     2 |       ||     2
Armor: Leather armour    |    38 |    27 ||    65
Dodge: Dodged            |    55 |    50 ||   105

Table legend:
 A = Spawn XP
 B = Non-spawn XP
 C = Spawn XP percentage of total XP
 D = Spawn monster count
 E = Non-spawn monster count
 F = Spawn count percentage of total count
 G = Total turns spent on level
                    A         B        C        D         E        F      G
               +---------+---------+-------+---------+---------+-------+---------
         Total |       0 |     170 |   0.0 |       0 |      42 |   0.0 |  1631
               +---------+---------+-------+---------+---------+-------+---------
           D:1 |       0 |      42 |   0.0 |       0 |      19 |   0.0 |   785
           D:2 |       0 |     128 |   0.0 |       0 |      23 |   0.0 |   491
               +---------+---------+-------+---------+---------+-------+---------
